 Dungeon Crawl Stone Soup version 0.32-a0-120-gfac0567ad4 (webtiles) character file.

Game seed: 1421033179062093293

406750 Atlas the Sorcerer (level 22, -8/145 (163) HPs)
             Began as a Demonspawn Fire Elementalist on Feb 6, 2024.
             Was the Champion of Vehumet.
             Mangled by a titan (38 damage)
             ... on level 4 of the Vaults.
             The game lasted 02:27:17 (72264 turns).

Atlas the Sorcerer (Demonspawn Fire Elementalist)  Turns: 72264, Time: 02:27:17

HP:   -8/145 (163)  AC: 25    Str: 12    XL:     22   Next: 38%
MP:   0/48          EV: 20    Int: 24    God:    Vehumet [******]
Gold: 3590          SH: 10    Dex: 17    Spells: 8/66 levels left

rFire   + + .        l - +0 trident "Rire" {freeze, rF+ rC+ Dex+2}
rCold   + . .        S - +0 buckler
rNeg    . . .        u - +4 scale mail {rC+}
rPois   +            (helmet unavailable)
rElec   .            v - +2 cloak {Will+}
rCorr   +            U - +2 pair of gloves
SInv    +            M - +2 pair of boots {Fly}
Will    ++...        C - amulet of reflection
Stlth   ++           O - ring "Qainuo" {Fire rPois rCorr Str+4 Int-2}
HPRegen 0.44/turn    J - +4 ring of protection
MPRegen 0.62/turn

%: reflection, guardian spirit
@: mighty, agile, flying, studying 2 skills, heavily drained
A: antennae 3, powered by pain 2, augmentation 1, magic shield, magic
regeneration, sturdy frame 3
}: 2/15 runes: decaying, gossamer
a: Renounce Religion


You were on level 4 of the Vaults.
You worshipped Vehumet.
Vehumet was exalted by your worship.
You visited 9 branches of the dungeon, and saw 42 of its levels.
You also visited: Trove, Sewer, Bailey and Ice Cave.

You collected 4685 gold pieces.
You spent 1095 gold pieces at shops.

Inventory:

Hand Weapons
 l - the +0 trident "Rire" (weapon) {freeze, rF+ rC+ Dex+2}
   (You took it off a spriggan rider on level 4 of the Lair of Beasts)

   Dex+2:     It affects your dexterity (+2).
   rF+:       It protects you from fire.
   rC+:       It protects you from cold.
Armour
 u - a +4 scale mail of cold resistance (worn)
 v - a +2 cloak of willpower (worn)
 w - quicksilver dragon scales
 M - a +2 pair of boots of flying (worn)
 S - a +0 buckler (worn)
 U - a +2 pair of gloves (worn)
Magical Staves
 z - the staff "Tieq" {rF- Int+7 Conj Ice Earth}
   (You found it on level 9 of the Dungeon)

   [staff of earth]

   Base accuracy: +5 Base damage: 5 Base attack delay: 1.2 This weapon's minimum
   attack delay (0.6) is reached at skill level 12.
   Int+7:     It affects your intelligence (+7).
   rF-:       It makes you vulnerable to fire.
   Conj:      It increases the power of your Conjurations spells.
   Ice:       It increases the power of your Ice spells.
   Earth:     It increases the power of your Earth spells.
   It falls into the 'Staves' category.
   It is a one-handed weapon.
Jewellery
 a - an amulet of regeneration
 h - a ring of willpower
 r - a ring of willpower
 C - an amulet of reflection (around neck)
 E - the ring "Moikuner" {rC+ Dex+6}
   (You found it in a treasure trove)

   [ring of dexterity]

   Dex+6:     It affects your dexterity (+6).
   rC+:       It protects you from cold.
 J - a +4 ring of protection (right hand)
 O - the ring "Qainuo" (left hand) {Fire rPois rCorr Str+4 Int-2}
   (You acquired it on level 10 of the Dungeon)

   [ring of fire]

   Fire:      It enhances your fire magic.
   Str+4:     It affects your strength (+4).
   Int-2:     It affects your intelligence (-2).
   rF+:       It protects you from fire.
   rC-:       It makes you vulnerable to cold.
   rPois:     It protects you from poison rCorr: It protects you from acid and
   corrosion.
 P - a ring of protection from fire
 Q - a ring of wizardry
 T - the ring of Qistram {rPois Str+4}
   (You found it in a treasure trove)

   [ring of poison resistance]

   Str+4:     It affects your strength (+4).
   rPois:     It protects you from poison
Wands
 d - a wand of light (17)
 e - a wand of iceblast (26)
 s - a wand of polymorph (9)
 x - a wand of digging (7)
 y - a wand of charming (33)
 Y - a wand of flame (72)
Scrolls
 b - 8 scrolls of enchant weapon
 c - 12 scrolls of fog
 k - 4 scrolls of revelation
 o - 4 scrolls of amnesia
 D - 2 scrolls of summoning
 G - 23 scrolls of identify
 H - 7 scrolls of teleportation
 I - a scroll of torment
 L - 4 scrolls of noise
 N - 6 scrolls of fear
 R - 2 scrolls of poison
 Z - 3 scrolls of blinking
Potions
 f - 19 potions of curing
 g - 13 potions of resistance
 i - 8 potions of haste
 j - 8 potions of enlightenment
 m - 6 potions of cancellation
 n - 3 potions of heal wounds
 p - 4 potions of brilliance
 q - 7 potions of might
 A - 11 potions of mutation
 B - 6 potions of invisibility
 F - 7 potions of lignification
 W - 12 potions of ambrosia
Miscellaneous
 t - a phantom mirror
 K - a lightning rod (3/4)
 X - a condenser vane


   Skills:
 + Level 11.3 Fighting
 + Level 0.2(1.7) Short Blades
 + Level 2.9(3.0) Long Blades
 + Level 1.3 Polearms
 + Level 6.3 Armour
 + Level 7.4 Dodging
 - Level 3.7 Stealth
 + Level 4.4 Shields
 + Level 1.3 Unarmed Combat
 + Level 22.7 Spellcasting
 + Level 9.5 Conjurations
 + Level 21.7 Fire Magic
 + Level 13.3 Air Magic
 + Level 3.0 Earth Magic
 + Level 2.0 Evocations


You had 8 spell levels left.
You knew the following spells:

 Your Spells              Type           Power      Damage    Failure   Level
a - Scorch                Fire           100%       2d9       0%          2
b - Foxfire               Conj/Fire      100%       2x1d9     0%          1
c - Flame Wave            Conj/Fire      100%       2d21      1%          4
d - Mephitic Cloud        Conj/Alch/Air  59%        N/A       1%          3
e - Plasma Beam           Fire/Air       53%        2x1d68    1%          6
f - Lee's Rapid Deconstr  Erth           21%        3d12*     5%          5
g - Fireball              Conj/Fire      50%        3d20      1%          5
h - Freezing Cloud        Conj/Ice/Air   29%        6-21      1%          5
i - Ignition              Fire           57%        3d16      1%          8
j - Bombard               Conj/Erth      27%        9d5       8%          6
k - Fire Storm            Conj/Fire      50%        8d13      67%         9
l - Airstrike             Air            37%        2d(6-22)  1%          4

Your spell library contained the following spells:

 Spells                   Type           Power      Damage    Failure   Level
 Lehudib's Crystal Spear  Conj/Erth      27%        10d7      94%         8
 Kiss of Death            Conj/Necr      100%       2d13      1%          1
 Sting                    Conj/Alch      100%       1d9       1%          1
 Cigotuvi's Dreadful Rot  Necr/Alch/Air  96%        N/A       1%          2
 Mercury Vapours          Alch/Air       100%       N/A       1%          2
 Searing Ray              Conj           100%       2d8       1%          2
 Hailstorm                Conj/Ice       50%        3d10      1%          3
 Inner Flame              Hex/Fire       87%        N/A       1%          3
 Passwall                 Erth           42%        N/A       1%          3
 Swiftness                Air            75%        N/A       1%          3
 Volatile Blastmotes      Fire/Tloc      100%       2d18      1%          3
 Fulminant Prism          Conj/Alch      25%        3d14      1%          4
 Ignite Poison            Fire/Alch      87%        N/A       1%          4
 Iskenderun's Mystic Bla  Conj/Tloc      50%        2d11      1%          4
 Summon Blazeheart Golem  Fire/Summ      87%        N/A       1%          4
 Summon Lightning Spire   Summ/Air       56%        N/A       1%          4
 Conjure Ball Lightning   Conj/Air       35%        3x3d11    1%          6
 Starburst                Conj/Fire      50%        6d14      1%          6
 Apportation              Tloc           54%        N/A       2%          1
 Necrotise                Necr           100%       1d9       2%          1
 Summon Small Mammal      Summ           100%       N/A       2%          1
 Frozen Ramparts          Ice            54%        1d9       2%          3
 Irradiate                Conj/Alch      25%        3d20      2%          5
 Ensorcelled Hibernation  Hex/Ice        54%        N/A       3%          2
 Jinxbite                 Hex            54%        N/A       3%          2
 Sublimation of Blood     Necr           27%        N/A       3%          2
 Olgreb's Toxic Radiance  Alch           27%        N/A       7%          4
 Call Canine Familiar     Summ           27%        N/A       8%          3
 Fugue of the Fallen      Necr           27%        N/A       8%          3
 Ozocubu's Armour         Ice            27%        N/A       8%          3
 Summon Ice Beast         Ice/Summ       27%        N/A       8%          3
 Vampiric Draining        Necr           27%        2d7       8%          3
 Animate Armour           Summ/Erth      68%        N/A       13%         4
 Leda's Liquefaction      Alch/Erth      17%        N/A       13%         4
 Petrify                  Alch/Erth      34%        N/A       13%         4
 Yara's Violent Unravell  Hex/Alch       13%        3d7       17%         5
 Manifold Assault         Tloc           27%        N/A       24%         4
 Martyr's Knell           Necr/Summ      27%        N/A       24%         4
 Alistair's Intoxication  Alch           18%        N/A       56%         5
 Curse of Agony           Necr           27%        N/A       56%         5
 Metabolic Englaciation   Hex/Ice        13%        N/A       56%         5
 Dispersal                Tloc           13%        N/A       98%         6
 Sculpt Simulacrum        Ice/Alch       13%        N/A       98%         6
 Summon Cactus Giant      Summ           13%        N/A       98%         6
 Ozocubu's Refrigeration  Ice            13%        4d10      99%         7
 Enfeeble                 Hex            13%        N/A       100%        7
 Discord                  Hex            13%        N/A       100%        8
 Disjunction              Tloc           13%        N/A       100%        8
 Chain Lightning          Conj/Air       35%        3d46      99%         9
 Polar Vortex             Ice            13%        12d1*     100%        9


Dungeon Overview and Level Annotations

Branches:
Dungeon (15/15)            Temple (1/1) D:4            Lair (5/5) D:10
  Swamp (4/4) Lair:2       Spider (4/4) Lair:2        Slime (0/5) Lair:4
    Orc (2/2) D:11            Elf (3/3) Orc:2        Vaults (5/5) D:13
  Crypt (3/3) Vaults:3       Tomb (0/3) Crypt:3      Depths (0/4) D:15
  Sewer (visited)          Bailey (visited)           IceCv (visited)

Altars:
Ashenzari
Cheibriados
Dithmenos
Fedhas
Gozag
Hepliaklqana
Kikubaaqudgha
Makhleb
Nemelex Xobeh
Okawaru
Qazlal
Ru
Sif Muna
Trog
Uskayaw
Vehumet
Wu Jian
Xom
Yredelemnul
Jiyva
Lugonu

Shops:
D:2 (   D:4 (   Orc:2 !:*(*   Vaults:3 :

Portals:
Abyss: Lair:5
Pandemonium: Orc:2

Annotations:
D:3 2 transporters, Sobieck's ghost, amateur GrMo
Lair:3 2 transporters, mdk's ghost, journeyman VSBr
Elf:2 3 runed translucent doors
Vaults:3 2 transporters, exclusion: orange crystal statue
Vaults:4 2 runed translucent doors, Zissick's ghost, adept MiBr


Innate Abilities, Weirdness & Mutations

You have a pair of large antennae on your head. (SInv)
You sometimes gain power by taking damage.
Your magical and physical power is slightly enhanced at high health.
When hurt, damage is shared between your health and your magic reserves.
You regenerate magic rapidly.
Your movements are significantly less encumbered by armour. (ER -6)


Message History

You feel a surge of power!
The air bursts into flame!
The fireball engulfs the titan!!
The titan is severely wounded.
The fireball engulfs the titan!!
You kill the titan!
Vehumet accepts your kill.
You feel your power returning.
The fireball engulfs the shadow dragon!!
The shadow dragon is heavily wounded.
The fireball engulfs the titan.
The titan is severely wounded.
An entropy weaver comes into view.
The shadow dragon breathes negative energy at you.
The bolt of negative energy hits you!!!
You feel drained.
You focus on the pain.
You feel very mighty all of a sudden. The titan hits you but does no damage.
The titan casts a spell.
The titan is healed somewhat.
You block the titan's attack.
The titan gestures at you while chanting.
The bolt of lightning hits you!!
* * * LOW HITPOINT WARNING * * *
You focus on the pain.
You feel agile all of a sudden.
You hear a shout!
You hear a deafening roar!
You hear a shout!
You fly upwards.
Level annotation: 2 runed translucent doors, Zissick's ghost, adept MiBr
There is a stone staircase leading down, spattered with blood here.
Casting: Ignition (dangerous; 1% risk of failure)
Confirm with . or Enter, or press ? or * to list all spells.
Casting: Plasma Beam (mildly dangerous; 1% risk of failure)
Press: ? - help, Dir - look around, f - activate You feel a surge of power!
The bolt of lightning hits the titan.
The titan completely resists.
The titan is heavily wounded.
The fiery plasma hits the titan!!
The titan is almost dead.
The titan hits you!!!
You die...

..........# #......##
#'####'##.# #......'.
#.#.'...#.# #......#.
#)#.#####.# ######## #......#.
#.#.')).#.# #......# #......#.
#####[#'#.# #......# #......#.
#.(.'.#.#.# #......# #......#.
###'#.#.#.# #....).# #......##
#...#.#.#.# #..C@..# #......#
#########.# #......# #......#
..........# #......# #......#
####'##########'#### ##'#####
#..............# ####...#
#..............# ####......####
#..............####.........#...
#......[..[.÷..'............'...
#..............#............#...


You could see a titan.

Vanquished Creatures
  Xtahua (Crypt:1)
  Boris (Vaults:3)
  A shard shrike (IceCv)
  Nikola (Spider:4)
  A profane servitor (Crypt:3)
  Zenata (Vaults:3)
  A lich (Vaults:5)
  2 tentacled monstrosities
  Asterion (Spider:4)
  2 deep elf master archers (Elf:3)
  2 titans (Vaults:5)
  2 deep elf blademasters (Elf:3)
  A sphinx (Crypt:2)
  9 ancient champions
  4 shadow dragons
  4 thorn hunters
  A tengu reaver (Vaults:5)
  Donald (Spider:4)
  3 revenants
  A fire giant (Vaults:4)
  A fenstrider witch (Swamp:3)
  4 emperor scorpions
  11 vault wardens
  4 deep elf sorcerers
  5 deep elf elementalists (Elf:3)
  4 ghost moths
  2 curse skulls
  8 ghouls
  2 very ugly things (Vaults:5)
  8 ironbound preservers
  6 broodmothers
  A caustic shrike skeleton (Crypt:1)
  10 ironbound thunderhulks
  The ghost of Ozorab the Covert, a journeyman NaHs of Dithmenos (Lair:4)
  An orc warlord (Vaults:4)
  2 formless jellyfish
  5 deep elf demonologists (Elf:3)
  3 stone giants
  2 vampire knights
  9 deep elf death magi
  2 eleionomae
  A white draconian (IceCv)
  Azrael (Spider:2)
  A war gargoyle (Vaults:4)
  4 bunyips
  2 spark wasps (Spider:3)
  7 deep elf annihilators (Elf:3)
  11 dire elephants
  A fire dragon (D:10)
  3 crystal guardians (Vaults:3)
  10 entropy weavers
  2 mummy priests (Crypt:3)
  An ettin (Vaults:5)
  4 eidola
  An entropy weaver (shapeshifter) (D:13)
  Josephine (D:11)
  9 jiangshi
  11 yaktaur captains
  A spriggan zombie (Crypt:3)
  Harold (Lair:1)
  33 vault guards
  A fenstrider witch zombie (Crypt:1)
  2 peacekeepers (Vaults:3)
  3 jorogumos
  2 great orbs of eyes
  An ice dragon (shapeshifter) (Vaults:5)
  8 ghost crabs
  Erolcha (D:13)
  A catoblepas (Lair:2)
  20 hydras
  A spriggan air mage (Swamp:4)
  A spriggan skeleton (Crypt:1)
  3 alligators
  11 centaur warriors
  12 ironbound frosthearts
  2 demonspawn (Orc:2)
  An anaconda (shapeshifter) (Vaults:5)
  2 radroaches (Spider:3)
  4 two-headed ogres
  15 dancing weapons
  Erica (D:11)
  6 boulder beetles
  3 death yaks (Lair:3)
  2 deep troll earth magi
  A deep troll shaman (Vaults:5)
  2 tengu warriors
  4 vampire magi
  5 orc high priests (Orc:2)
  7 demonic crawlers
  2 death knights (Crypt:1)
  A bennu skeleton (Crypt:1)
  11 deep elf knights
  2 thrashing horrors (Lair:5)
  An iron troll (Vaults:4)
  Amaemon (Lair:1)
  42 skeletal warriors
  6 goliath frogs
  2 skysharks
  3 spriggan druids
  A mana viper (shapeshifter) (Elf:3)
  A death drake (Swamp:1)
  10 deep trolls
  3 arcanists
  A glowing orange brain (Vaults:1)
  14 orb spiders
  2 sun moths
  13 bog bodies
  A flayed ghost (Crypt:1)
  An orange crystal statue (IceCv)
  4 harpies (Vaults:1)
  12 deep elf archers
  11 ironbound convokers
  4 necromancers
  12 swamp dragons
  4 phantasmal warriors
  33 deep elf pyromancers
  7 orc knights
  27 deep elf zephyrmancers
  8 steelbarb worms
  20 wolf spiders
  A bunyip skeleton (Crypt:3)
  7 orc sorcerers
  A jorogumo zombie (Crypt:2)
  4 lindwurms (Vaults:1)
  12 will-o-the-wisps
  4 oklob plants (Lair:4)
  39 ugly things
  Maurice (Orc:2)
  3 manticores
  A faun (shapeshifter) (Vaults:4)
  5 cyclopes
  5 moths of wrath
  9 elephants
  3 black mambas
  A fire giant skeleton (Vaults:5)
  15 meliai
  A rust devil (Orc:2)
  A stone giant skeleton (Vaults:2)
  An eleionoma skeleton (Crypt:2)
  14 vault sentinels
  A kobold blastminer (Orc:2)
  An ice statue (Spider:1)
  A large abomination (Lair:5)
  2 orange demons
  2 water nymphs (shapeshifter)
  2 unseen horrors (D:11)
  8 torpor snails
  2 yaktaur zombies
  12 cane toads
  Jeremiah (D:9)
  A black draconian zombie (Crypt:2)
  8 rime drakes (IceCv)
  4 freezing wraiths
  A sea snake zombie (Crypt:3)
  11 yaktaurs
  9 komodo dragons
  9 guardian mummies (Crypt:3)
  A catoblepas skeleton (Crypt:1)
  A queen bee (Lair:3)
  A troll (shapeshifter) (Lair:5)
  An ice devil (Orc:2)
  6 trolls
  5 bloated husks (Swamp:1)
  A harpy zombie (Crypt:3)
  A tengu conjurer (D:14)
  23 polar bears
  Grinder (D:3)
  9 tyrant leeches
  A raiju (Lair:5)
  2 dream sheep (Lair:2)
  13 hornets
  18 tarantellas
  20 blink frogs
  27 culicivoras
  An air elemental (Elf:3)
  2 shadows
  28 jumping spiders
  29 slime creatures
  19 spriggans
  55 yaks
  2 water elementals
  Sigmund (D:6)
  4 wyverns
  A fire dragon skeleton (Crypt:3)
  3 ushabtiu (Crypt:3)
  3 ynoxinuls (Lair:5)
  12 wraiths
  6 basilisks
  7 fire elementals
  Eustachio (D:6)
  A warg (Orc:1)
  4 chaos spawn
  53 redbacks
  5 steam dragons
  14 vampire mosquitoes
  A faun zombie (Crypt:1)
  A two-headed ogre zombie (Crypt:2)
  A faun skeleton (Crypt:3)
  25 swamp worms
  An acid dragon (Bailey)
  16 water moccasins
  6 hell hounds
  34 orc warriors
  2 glowing shapeshifter skeletons
  10 swamp drakes
  4 ice beasts
  A human skeleton (Vaults:5)
  3 black bears
  18 laughing skulls
  An ettin simulacrum (Vaults:5)
  11 ogres
  8 small abominations (Lair:5)
  A boggart (Lair:4)
  11 centaurs
  3 wolves (Lair:4)
  2 phantoms
  A hog skeleton (Crypt:2)
  3 kobold brigands
  2 brain worms (Sewer)
  A salamander zombie (Crypt:2)
  7 bullfrogs
  2 gnoll sergeants (D:10)
  5 earth elementals
  6 scorpions
  A necrophage (Crypt:1)
  15 wights
  42 killer bees
  A polar bear skeleton (Crypt:3)
  3 howler monkeys
  2 electric eels
  2 jellies (D:6)
  2 hounds
  2 bombardier beetles
  Crazy Yiuf (D:4)
  25 orc priests
  A black bear skeleton (Crypt:3)
  7 iguanas
  2 sleepcaps
  2 gnoll boudas (D:7)
  19 orc wizards
  7 hell rats
  A killer bee zombie (Crypt:1)
  A deep dwarf zombie (Crypt:3)
  A naga skeleton (Crypt:2)
  A crocodile skeleton (Crypt:2)
  A mummy (Crypt:3)
  10 adders
  19 gnolls
  A howler monkey skeleton (Crypt:2)
  18 river rats
  A swamp drake zombie (Crypt:3)
  A steam dragon skeleton (Crypt:1)
  3 dart slugs
  A ribbon worm (D:2)
  64 orcs
  10 endoplasms
  7 giant cockroaches
  12 hobgoblins
  19 jackals
  7 kobolds
  10 quokkas
  8 ball pythons
  5 bats
  A bombardier beetle zombie (Crypt:2)
  6 frilled lizards
  A frilled lizard skeleton (Crypt:1)
  7 goblins
  A kobold skeleton (Crypt:1)
  A quokka skeleton (Crypt:3)
  21 rats
  2 foxfires
1765 creatures vanquished.

Vanquished Creatures (collateral kills)
  64 foxfires
64 creatures vanquished.

Vanquished Creatures (others)
  A goliath frog (Swamp:2)
  Joseph (D:9)
  A bloated husk (Swamp:1)
  A swamp worm (Swamp:1)
  A gnoll (D:10)
  1981 foxfires
1986 creatures vanquished.

Grand Total: 3815 creatures vanquished

Notes
Turn   | Place    | Note
-------+----------+-------------------------------------------
     0 | D:1      | Atlas the Demonspawn Fire Elementalist began the quest for
                  | the Orb.
     0 | D:1      | Reached XP level 1. HP: 13/13 MP: 3/3
   223 | D:1      | Gained mutation: You sometimes gain a little power by
                  | taking damage. [demonic ancestry]
   223 | D:1      | Reached XP level 2. HP: 19/19 MP: 1/5
   719 | D:1      | Learned a level 2 spell: Scorch
   829 | D:1      | Reached XP level 3. HP: 20/24 MP: 1/6
  1255 | D:2      | You fall into a shaft and drop 1 floor!
  1307 | D:3      | Found an ornate altar of the Wu Jian Council.
  1335 | D:3      | Noticed a scorpion
  1339 | D:3      | Killed a scorpion
  1340 | D:3      | Reached skill level 1 in Unarmed Combat
  1340 | D:3      | Reached XP level 4. HP: 31/31 MP: 0/7
  1473 | D:3      | Found a transporter.
  1473 | D:3      | Noticed an ogre
  1476 | D:3      | Noticed Sobieck's ghost (amateur GrMo)
  1488 | D:3      | Found a transporter.
  1504 | D:3      | Found a glowing drain.
  1627 | Sewer    | Entered a sewer
  1692 | Sewer    | Gained mutation: You have a pair of small antennae on your
                  | head. [demonic ancestry]
  1692 | Sewer    | Reached XP level 5. HP: 36/36 MP: 5/9
  1835 | Sewer    | Reached skill level 3 in Spellcasting
  1985 | Sewer    | Reached skill level 1 in Fighting
  2205 | Sewer    | Gained mutation: Your movements are slightly less
                  | encumbered by armour. (ER -2) [demonic ancestry]
  2205 | Sewer    | Reached XP level 6. HP: 32/43 MP: 1/11
  2537 | Sewer    | Reached skill level 4 in Spellcasting
  3250 | D:3      | Noticed Grinder
  3529 | D:2      | Found a faded altar of an unknown god.
  3569 | D:2      | Found Akosicao's Antique Weapon Boutique.
  3821 | D:2      | Reached XP level 7. HP: 48/48 MP: 10/13
  4770 | D:2      | Reached skill level 5 in Fire Magic
  4874 | D:3      | Killed Grinder
  5006 | D:3      | Identified the +1 plate armour of the Arcane {Slay+6}
  5488 | D:4      | Found Rabluil's Weapon Shop.
  5504 | D:4      | Reached skill level 5 in Spellcasting
  5761 | D:4      | Found a staircase to the Ecumenical Temple.
  5776 | Temple   | Entered the Ecumenical Temple
  5819 | Temple   | Learned a level 4 spell: Flame Wave
  6515 | D:4      | Found a runed translucent door.
  6516 | D:4      | Noticed Crazy Yiuf
  6521 | D:4      | Killed Crazy Yiuf
  6617 | D:4      | Found a sacrificial altar of Ru.
  6618 | D:4      | Found a shimmering blue altar of Sif Muna.
  6693 | D:5      | Entered Level 5 of the Dungeon
  6768 | D:5      | Reached XP level 8. HP: 48/54 MP: 6/16
  6993 | D:5      | Reached skill level 6 in Spellcasting
  8115 | D:6      | Noticed Sigmund
  8129 | D:6      | Killed Sigmund
  8130 | D:6      | Reached skill level 7 in Spellcasting
  8197 | D:6      | Gained mutation: You regenerate magic rapidly. [demonic
                  | ancestry]
  8197 | D:6      | Reached XP level 9. HP: 59/59 MP: 11/19
  8359 | D:6      | Noticed Eustachio
  8368 | D:6      | Killed Eustachio
  8637 | D:6      | Found a bloodstained altar of Trog.
  8688 | D:6      | Reached skill level 1 in Armour
  8767 | D:7      | Reached skill level 8 in Spellcasting
  9043 | D:7      | Noticed a troll
  9064 | D:7      | Killed a troll
  9067 | D:7      | Gained mutation: You have a pair of antennae on your head.
                  | [demonic ancestry]
  9067 | D:7      | Reached XP level 10. HP: 29/66 MP: 5/22
  9275 | D:7      | Found an iron altar of Okawaru.
  9759 | D:7      | Found a basalt altar of Yredelemnul.
 10349 | D:8      | Reached skill level 9 in Spellcasting
 11326 | D:9      | Killed Joseph
 11561 | D:9      | Found a flagged portal.
 11700 | Bailey   | Entered a bailey
 11759 | Bailey   | Reached skill level 10 in Fire Magic
 12113 | Bailey   | Noticed a two-headed ogre
 12122 | Bailey   | Reached XP level 11. HP: 69/72 MP: 17/24
 12122 | Bailey   | Killed a two-headed ogre
 12123 | Bailey   | Reached skill level 10 in Spellcasting
 12123 | Bailey   | Reached skill level 5 in Conjurations
 12387 | D:9      | Found a sparkling altar of Nemelex Xobeh.
 12592 | D:9      | Noticed Jeremiah
 12605 | D:9      | Killed Jeremiah
 12831 | D:9      | Found the macabre finger necklace {Finger+ rN+}
 12839 | D:9      | Got the Quarto of the Serac and Decomposition
 12845 | D:9      | Identified the staff "Tieq" {rF- Int+7 Conj Ice Earth}
 12847 | D:9      | Identified the +1 cloak of Midnight {Str+2}
 12892 | D:9      | Found a radiant altar of Vehumet.
 12896 | D:9      | Became a worshipper of Vehumet
 13370 | D:10     | Entered Level 10 of the Dungeon
 13393 | D:10     | Noticed a two-headed ogre
 13394 | D:10     | Noticed a fire dragon
 13862 | D:10     | Found a staircase to the Lair.
 14084 | D:10     | Reached * piety under Vehumet
 14084 | D:10     | Offered knowledge of Shock by Vehumet.
 14109 | D:10     | Killed a two-headed ogre
 14110 | D:10     | Reached skill level 1 in Long Blades
 14110 | D:10     | Reached skill level 11 in Spellcasting
 14603 | D:10     | Killed a fire dragon
 14789 | D:10     | Identified the +1 robe of Elitism {^Contam rElec Str+3
                  | Dex+6}
 14814 | D:10     | Identified a scroll of acquirement
 14814 | D:10     | Acquired the ring "Qainuo" {Fire rPois rCorr Str+4 Int-2}
 15162 | D:11     | Noticed a skeletal warrior
 15510 | D:11     | Noticed a skeletal warrior
 15528 | D:11     | Killed a skeletal warrior
 15529 | D:11     | Reached XP level 12. HP: 37/81 MP: 17/27
 15744 | D:11     | Found a staircase to the Orcish Mines.
 15973 | D:11     | Noticed Josephine
 15995 | D:11     | Killed Josephine
 16292 | D:11     | Offered knowledge of Searing Ray by Vehumet.
 16801 | D:11     | Noticed Erica
 16816 | D:11     | Killed Erica
 17131 | D:12     | Noticed a two-headed ogre
 17137 | D:12     | Killed a two-headed ogre
 17169 | D:12     | Reached skill level 12 in Spellcasting
 17185 | D:12     | Reached ** piety under Vehumet
 18476 | D:13     | Noticed a boulder beetle
 18507 | D:13     | Killed a boulder beetle
 18667 | D:13     | Offered knowledge of Momentum Strike by Vehumet.
 18727 | D:13     | Noticed a centaur warrior
 18738 | D:13     | Killed a centaur warrior
 18743 | D:13     | Noticed Erolcha
 18893 | D:13     | Reached skill level 5 in Armour
 18893 | D:13     | Gained mutation: Your movements are less encumbered by
                  | armour. (ER -4) [demonic ancestry]
 18893 | D:13     | Reached XP level 13. HP: 75/86 MP: 17/29
 18992 | D:13     | Killed Erolcha
 19436 | D:13     | Reached *** piety under Vehumet
 19439 | D:13     | Reached skill level 13 in Spellcasting
 20261 | D:13     | Found a gate to the Vaults.
 20263 | D:13     | Noticed a stone giant
 20276 | D:13     | Killed a stone giant
 21038 | D:14     | Offered knowledge of Sticky Flame by Vehumet.
 22639 | D:14     | Reached skill level 5 in Dodging
 22643 | D:14     | Reached skill level 1 in Shields
 22861 | D:14     | Reached skill level 14 in Spellcasting
 23019 | D:15     | Entered Level 15 of the Dungeon
 23398 | D:15     | Found a staircase to the Depths.
 23712 | D:11     | Reached XP level 14. HP: 88/91 MP: 24/32
 23719 | D:11     | Reached **** piety under Vehumet
 23994 | Lair:1   | Entered Level 1 of the Lair of Beasts
 24240 | Lair:1   | Offered knowledge of Mephitic Cloud by Vehumet.
 24248 | Lair:1   | Learned a level 3 spell: Mephitic Cloud
 24475 | Lair:1   | Noticed Amaemon
 24486 | Lair:1   | Killed Amaemon
 24784 | Lair:1   | Noticed Harold
 24904 | Lair:1   | Killed Harold
 25483 | Lair:2   | Reached ***** piety under Vehumet
 25565 | Lair:2   | Found a hole to the Spider Nest.
 25577 | Lair:2   | Offered knowledge of Plasma Beam by Vehumet.
 26079 | Lair:2   | Found a staircase to the Swamp.
 27051 | Lair:3   | Reached skill level 15 in Spellcasting
 27243 | Lair:3   | Learned a level 6 spell: Plasma Beam
 27394 | Lair:3   | Noticed mdk's ghost (journeyman VSBr)
 27420 | Lair:3   | Found a transporter.
 27437 | Lair:3   | Found a bloodstained altar of Trog.
 28096 | Lair:3   | Found a transporter.
 28543 | Lair:4   | Found a staircase to the Slime Pits.
 28957 | Lair:4   | Found a viscous altar of Jiyva.
 28967 | Lair:4   | Identified the +3 quarterstaff of Pemeuh {flame, Str+5}
 28977 | Lair:4   | Reached skill level 15 in Fire Magic
 29209 | Lair:4   | Found a runed translucent door.
 29605 | Lair:4   | Identified the +0 trident "Rire" {freeze, rF+ rC+ Dex+2}
 29608 | Lair:4   | Noticed Ozorab's ghost (journeyman NaHs)
 29992 | Lair:4   | Killed Ozorab's ghost
 30186 | Lair:5   | Entered Level 5 of the Lair of Beasts
 30190 | Lair:5   | Reached skill level 1 in Air Magic
 30190 | Lair:5   | Reached XP level 15. HP: 64/100 MP: 32/34
 30191 | Lair:5   | Offered knowledge of Conjure Ball Lightning by Vehumet.
 31308 | Lair:5   | Reached skill level 16 in Spellcasting
 31619 | Lair:5   | Found a corrupted altar of Lugonu.
 31619 | Lair:5   | Found a one-way gate to the infinite horrors of the Abyss.
 31664 | Lair:5   | Identified the amulet "Noggeez" {Spirit Regen+ Str-3 SInv}
 32039 | Orc:1    | Entered Level 1 of the Orcish Mines
 32217 | Orc:2    | Entered Level 2 of the Orcish Mines
 32247 | Orc:2    | Found Forr's Mayhem Merchandise.
 32306 | Orc:2    | Noticed Maurice
 32319 | Orc:2    | Maurice stole a ring of flight
 32320 | Orc:2    | Killed Maurice
 32452 | Orc:2    | Found a staircase to the Elven Halls.
 32553 | Orc:2    | Offered knowledge of Eringya's Noxious Bog by Vehumet.
 33266 | Orc:2    | Found Tohac's Distillery.
 33268 | Orc:2    | Found Bodatin's General Store.
 33274 | Orc:2    | Bought a potion of attraction for 33 gold pieces
 33274 | Orc:2    | Bought a potion of mutation for 88 gold pieces
 33274 | Orc:2    | Bought a potion of mutation for 88 gold pieces
 33274 | Orc:2    | Bought a potion of brilliance for 44 gold pieces
 33274 | Orc:2    | Bought a potion of haste for 110 gold pieces
 33274 | Orc:2    | Bought a potion of curing for 33 gold pieces
 33274 | Orc:2    | Bought a potion of curing for 33 gold pieces
 33332 | Orc:2    | Bought a scroll of identify for 30 gold pieces
 33332 | Orc:2    | Bought a scroll of fog for 60 gold pieces
 34220 | Orc:2    | Found Kazunus's Book Boutique.
 34220 | Orc:2    | Found Koqiz's Antique Weapon Shop.
 34266 | Orc:2    | Found a one-way gate leading to the halls of Pandemonium.
 34299 | Orc:2    | Bought a book of the Earth for 576 gold pieces
 34320 | Orc:2    | Learned a level 5 spell: Lee's Rapid Deconstruction
 34501 | Swamp:1  | Entered Level 1 of the Swamp
 35077 | Swamp:1  | Offered knowledge of Fireball by Vehumet.
 35352 | Swamp:1  | Reached XP level 16. HP: 38/106 MP: 11/36
 35569 | Swamp:1  | Learned a level 5 spell: Fireball
 36289 | Swamp:1  | Reached skill level 17 in Spellcasting
 36497 | Swamp:1  | Identified the +2 helmet of Naedira {Str+2}
 36997 | Swamp:2  | Noticed a thorn hunter
 37001 | Swamp:2  | Killed a thorn hunter
 37887 | Swamp:3  | Offered knowledge of Yara's Violent Unravelling by Vehumet.
 38123 | Swamp:3  | Noticed a tentacled monstrosity
 38128 | Swamp:3  | Killed a tentacled monstrosity
 38242 | Swamp:3  | Reached skill level 5 in Air Magic
 38875 | Swamp:4  | Entered Level 4 of the Swamp
 40060 | Swamp:4  | Noticed a thorn hunter
 40062 | Swamp:4  | Killed a thorn hunter
 40494 | Swamp:4  | Noticed a thorn hunter
 40689 | Swamp:3  | Killed a thorn hunter
 40903 | Swamp:4  | Gained mutation: When hurt, damage is shared between your
                  | health and your magic reserves. [demonic ancestry]
 40903 | Swamp:4  | Reached XP level 17. HP: 113/113 MP: 27/38
 40967 | Swamp:4  | Reached skill level 18 in Spellcasting
 41559 | Swamp:4  | Got a decaying rune of Zot
 41856 | Elf:1    | Entered Level 1 of the Elven Halls
 41858 | Elf:1    | Offered knowledge of Freezing Cloud by Vehumet.
 42380 | Elf:1    | Reached skill level 1 in Earth Magic
 43242 | Orc:1    | Learned a level 5 spell: Freezing Cloud
 43644 | Spider:1 | Entered Level 1 of the Spider Nest
 44094 | Spider:1 | Found a glacial archway.
 44110 | IceCv    | Entered an ice cave
 44444 | IceCv    | Offered knowledge of Spellforged Servitor by Vehumet.
 45213 | IceCv    | Reached skill level 1 in Evocations
 45342 | IceCv    | Noticed a shard shrike
 45364 | IceCv    | Killed a shard shrike
 46750 | Spider:1 | Reached ****** piety under Vehumet
 46909 | Spider:1 | Offered knowledge of Lehudib's Crystal Spear by Vehumet.
 46909 | Spider:1 | Offered knowledge of Fire Storm by Vehumet.
 46909 | Spider:1 | Offered knowledge of Ignition by Vehumet.
 46945 | Spider:1 | Learned a level 8 spell: Ignition
 46990 | Spider:1 | Reached XP level 18. HP: 119/119 MP: 28/40
 46992 | Spider:1 | Reached skill level 19 in Spellcasting
 47513 | Spider:2 | Noticed Azrael
 47517 | Spider:2 | Killed Azrael
 49659 | Spider:3 | Reached skill level 1 in Polearms
 50106 | Spider:4 | Entered Level 4 of the Spider Nest
 50466 | Spider:4 | Noticed Donald
 50469 | Spider:4 | Killed Donald
 50470 | Spider:4 | Noticed Asterion
 50475 | Spider:4 | Killed Asterion
 52028 | Spider:4 | Noticed Nikola
 52231 | Spider:4 | Killed Nikola
 52232 | Spider:4 | Gained mutation: Your magical and physical power is
                  | slightly enhanced at high health. [demonic ancestry]
 52232 | Spider:4 | Reached XP level 19. HP: 64/125 MP: 16/42
 52458 | Spider:4 | Reached skill level 20 in Spellcasting
 52592 | Spider:4 | Got a gossamer rune of Zot
 52664 | Spider:4 | Learned a level 6 spell: Bombard
 52917 | Orc:2    | Reached skill level 10 in Air Magic
 53900 | Elf:1    | Got the Handbook of Assembled Conjuration
 54593 | Elf:1    | Found an ancient bone altar of Kikubaaqudgha.
 55744 | Elf:2    | Identified the ring of Ajaph {Fire +Blink rPois}
 55908 | Elf:2    | Found a runed translucent gate.
 55909 | Elf:2    | Found a runed translucent gate.
 55909 | Elf:2    | Found a runed translucent gate.
 55962 | Elf:3    | Entered Level 3 of the Elven Halls
 56300 | Elf:3    | Paralysed by an air elemental for 1 turns
 56755 | Elf:3    | Found an ancient bone altar of Kikubaaqudgha.
 57356 | Elf:3    | Found the brooch of Shielding {Spirit SH+8}
 57368 | Elf:3    | Got the Quarto of the Dozen Suns
 57399 | Elf:3    | Identified the +5 broad axe of Asog {drain, rF+ rC- rN+}
 57471 | Elf:3    | Identified the +5 shortbow of No Interval {drain, rC++ rN+
                  | MP-9 Stlth+}
 57481 | Elf:3    | Identified the +8 bardiche of Light {drain, Int+4}
 57482 | Elf:3    | Identified the +1 quarterstaff "Aripni" {freeze, Str+4
                  | Dex+3}
 57492 | Elf:3    | Got the Anthology of Ruinous Lightning
 57496 | Elf:3    | Found the +3 giant club "Skullcrusher" {speed, Str+7}
 57504 | Elf:3    | Identified the +5 sling of the Enchanting Spider
                  | {antimagic, rPois rC- Will+++ rCorr}
 57507 | Elf:3    | Identified the +7 sling of Ash {flame, *Slow rPois Int+3
                  | SInv}
 57560 | Elf:3    | Identified the +1 scale mail of Failure {rElec}
 57597 | Elf:3    | Identified the +0 plate armour "Wijison" {Will++ Dex+3}
 57925 | Vaults:1 | Entered Level 1 of the Vaults
 58612 | Vaults:1 | Gained mutation: You sometimes gain power by taking damage.
                  | [demonic ancestry]
 58612 | Vaults:1 | Reached XP level 20. HP: 131/131 MP: 32/44
 59091 | Vaults:1 | Reached skill level 21 in Spellcasting
 60322 | Vaults:2 | You are sucked into a shaft and drop 2 floors!
 61317 | Vaults:2 | Found a portal to a secret trove of treasure.
 61350 | Trove    | Entered a treasure trove
 61399 | Trove    | Got the Discursus on Striking
 61409 | Trove    | Identified the ring "Umesonaj" {+Blink SInv}
 61417 | Trove    | Found the +3 crown of Dyrovepreva {rElec Int+2 SInv}
 61424 | Trove    | Identified the ring "Moikuner" {rC+ Dex+6}
 61430 | Trove    | Identified the -1 hat of Jase {rC+ rN+}
 61436 | Trove    | Identified the staff of Arrival {rPois rC++ Alchemy}
 61454 | Trove    | Identified the ring of Qistram {rPois Str+4}
 62210 | Vaults:3 | Found a staircase to the Crypt.
 62936 | Vaults:3 | Found Awnah's Book Shop.
 62942 | Vaults:3 | Noticed Zenata
 62946 | Vaults:3 | Killed Zenata
 63182 | Vaults:3 | Noticed Boris
 63210 | Vaults:3 | Paralysed by a formless jellyfish for 1 turns
 64105 | Vaults:3 | Found a transporter.
 64106 | Vaults:3 | Noticed an ancient lich
 64114 | Vaults:3 | Found the +3 Mad Mage's Maulers {Infuse+∞ VampMP -Cast}
 64115 | Vaults:3 | Found a transporter.
 64203 | Vaults:3 | Killed Boris
 64204 | Vaults:3 | Gained mutation: You have a pair of large antennae on your
                  | head. (SInv) [demonic ancestry]
 64204 | Vaults:3 | Reached XP level 21. HP: 105/137 MP: 23/46
 64584 | Vaults:4 | Reached skill level 22 in Spellcasting
 64589 | Vaults:4 | Reached skill level 5 in Fighting
 65188 | Vaults:4 | Found a large runed translucent door.
 65188 | Vaults:4 | Found a large runed translucent door.
 65189 | Vaults:4 | Noticed Zissick's ghost (adept MiBr)
 65229 | Vaults:5 | Entered Level 5 of the Vaults
 65512 | Crypt:1  | Entered Level 1 of the Crypt
 66048 | Crypt:1  | Reached skill level 10 in Fighting
 67038 | Crypt:1  | Noticed Xtahua
 67044 | Crypt:1  | Killed Xtahua
 68298 | Crypt:3  | Entered Level 3 of the Crypt
 68800 | Crypt:3  | Gained mutation: Your movements are significantly less
                  | encumbered by armour. (ER -6) [demonic ancestry]
 68800 | Crypt:3  | Reached XP level 22. HP: 153/163 MP: 15/48
 68865 | Crypt:3  | Learned a level 9 spell: Fire Storm
 69107 | Crypt:3  | Found a staircase to the Tomb.
 69352 | Crypt:3  | Noticed a curse toe
 69496 | Crypt:3  | Learned a level 4 spell: Airstrike
 70312 | Crypt:3  | Identified the +9 war axe "Ezila" {heavy, rElec Dex+3}
 72264 | Vaults:4 | Mangled by a titan

Illustrated notes

Levels and vault maps discovered:
D:1:      grunt_arrival_lava_bath, layout_rooms
D:2:      layout_basic, serial_shops, shop, shapermc_ecumenical_altar_gd
D:3:      layout_basic, nicolae_overflow_crystal_walls, gammafunk_ghost_arena,
          gup_sewer_entry_glass, kennysheep_generic_room_5, uniq_grinder
D:4:      layout_basic, gammafunk_temple_overflow_statue,
          minmay_temple_entry_arrows, serial_shops,
          nicolae_shop_bloodbath_and_beyond, uniq_crazy_yiuf_cottage
D:5:      cheibrodos_quashed, layout_basic, nicolae_tso_swordbearing_angel
D:6:      layout_rooms, trog_butcher_becter, grunt_decor_one_mirror,
          uniq_sigmund, uniq_eustachio
D:7:      layout_cave_pools, mainiacjoe_overflow_concentric_impassable,
          mainiacjoe_overflow_six_doors_small, grunt_ministairs_3
D:8:      lemuel_ratsnest, layout_basic, mainiacjoe_overflow_cross_hatched
D:9:      layout_basic, mainiacjoe_overflow_swirl, enter_bailey_4,
          lemuel_flamethrower_hall, uniq_joseph, uniq_jeremiah
D:10:     nicolae_cairo_tiling_very_big, layout_loops_ring, lair_entry_dummy,
          lightli_fourway_metalbox
D:11:     layout_grid_maze, orc_0_dummy, minmay_misc_feat_square,
          david_defended_altar_orc, uniq_josephine, uniq_erica
D:12:     layout_loops_corners, hangedman_decor_lopped
D:13:     layout_basic, hellmonk_vaults_attempted_burglary, minmay_starry_boxes,
          uniq_erolcha
D:14:     layout_roguey, hangedman_decor_diamond_cutter
D:15:     hellmonk_depths_entry_around_the_bend, layout_long_grid,
          minmay_misc_feat_cross
Temple:   nicolae_temple_godzebo
Lair:1:   layout_cave_pods, minivault_24, minmay_hedge_maze, grunt_megastairs_1,
          uniq_amaemon, uniq_harold
Lair:2:   layout_roguey, mainiacjoe_swamp_entry_angry_trees,
          nicolae_spider_entry_orb_guardian, kennysheep_rathole
Lair:3:   layout_roguey, special_room [special_room_bee],
          gammafunk_ghost_wrathful_warriors
Lair:4:   layout_cave_pods, minmay_slime_entry_oklob_open,
          ebering_ghost_funeral_grove, serial_bayou_shore_a
Lair:5:   hellmonk_lair_end_abyssal_woods, layout_misc_corridors,
          grunt_megastairs_5
Swamp:1:  regret_index_all_hallows'_manor, layout_basic_swamp,
          serial_swamp_ruin, evilmike_swamp_ruin_house_6,
          evilmike_swamp_ruin_house_3, evilmike_swamp_ruin_house_1
Swamp:2:  layout_basic_swamp, nicolae_swamp_rocky_clearing, swamp_pool_3
Swamp:3:  layout_falls_marsh, evilmike_swamp_ruin_rubble_2,
          nicolae_swamp_wisp_ring_woods, nicolae_swamp_decorative_isthmus,
          infiniplex_staircase_pool
Swamp:4:  swamp_basic_johnstein, layout_basic_swamp
Spider:1: layout_cave_pods, portal_ice_cave_entry_ice_statue_one,
          einodemon_crawler_minivault
Spider:2: layout_spider_delve, uniq_azrael
Spider:3: layout_spider_delve, nicolae_spider_paper_wasps
Spider:4: hellmonk_spider_rune_endless_swarm, uniq_nikola, uniq_donald,
          uniq_asterion
Orc:1:    layout_diamond_mine
Orc:2:    pf_orc_diabolical, layout_caves, regret_index_minedec_devilstone,
          small_statue_alley_c, nicolae_orc_found_a_spring,
          nicolae_orc_crystal_seam, minmay_shop_mayhem, uniq_maurice
Elf:1:    minmay_elf_arrival_plus, layout_rooms, minmay_elf_sorcery, hex_medium,
          lemuel_upstairs_altar
Elf:2:    nicolae_elf_blades_crystal_corner, layout_loops_ring
Elf:3:    elf_hall, layout_loops_corners, basic_altar
Vaults:1: vaults_room_fancy_cross, nicolae_vaults_little_squares_1,
          nicolae_vaults_wine_cellar, nicolae_vaults_sightless_eye,
          nicolae_vaults_storage_room_doors, ontoclasm_vaults_claustrophobia,
          nicolae_vaults_trapezoid_2, layout_vaults_omnigrid, serial_shops,
          shop_statue
Vaults:2: nicolae_vaults_trapezoid_lopsided_2, nicolae_vaults_trapezoid_1,
          nicolae_vaults_ninety_degrees, v_misc_1,
          nicolae_vaults_trapezoid_layered, nicolae_vaults_tetromino_L_2,
          nicolae_vaults_heist, layout_vaults_chaotic_city,
          nicolae_trove_entry_isolated
Vaults:3: nicolae_vaults_sealed_display, nicolae_vaults_wrenched,
          v_alt_pattern_4, nicolae_vaults_little_squares_6,
          nicolae_vaults_door_testing_chamber, vaults_dpeg_cross,
          nicolae_vaults_diamond_1, minmay_crypt_entry_simple_round,
          ontoclasm_vaults_twist, gammafunk_sealed_arena,
          ontoclasm_vaults_ligature, nicolae_vaults_shelves_hall,
          layout_vaults_ring, serial_shops, shop, uniq_zenata, uniq_boris
Vaults:4: ebering_ghost_disaster_area, nicolae_vaults_prndl, v_alt_pattern_3,
          hangedman_vaults_capsules, nicolae_vaults_mitosis,
          nicolae_vaults_double_plus_1, nicolae_vaults_trapezoid_lopsided_4,
          ontoclasm_vaults_ring_small, hangedman_vaults_cutoff,
          nicolae_vaults_closet_pinwheel_6, vaults_standard_mumra_x,
          nicolae_vaults_theta, layout_vaults_maze_snakey
Vaults:5
Crypt:1:  layout_regular_city, uniq_xtahua
Crypt:2:  layout_misc_corridors
Crypt:3:  lightli_unholy_cathedral, layout_chaotic_city,
          tomb_entry_sphere_bobbens

Skill      XL: |  1  2  3  4  5  6  7  8  9 10 11 12 13 14 15 16 17 18 19 20 21 22 |
---------------+-------------------------------------------------------------------+-----
Fire Magic     | 3 4 5 7 8 10 11 12 13 15 16 17 18 19 20 21 | 21.7
Dodging        | 2 3 5 6 7 |  7.4
Stealth        | 2 3 |  3.7
Unarmed Combat | 1 |  1.3
Spellcasting   | 3 4 5 7 8 9 11 12 14 15 16 17 18 19 20 21 22 | 22.7
Conjurations   | 2 3 4 5 6 7 8 9 |  9.5
Fighting       | 1 3 4 11 | 11.3
Armour         | 1 3 4 5 6 |  6.3
Long Blades    | 1 2 |  2.9
Shields        | 1 2 3 4 |  4.4
Air Magic      | 1 2 6 8 9 11 12 13 | 13.3
Earth Magic    | 1 2 3 |  3.0
Evocations     | 1 2 |  2.0
Polearms       | 1 |  1.3
Short Blades   | |  0.2

Action                     |  1- 3 |  4- 6 |  7- 9 | 10-12 | 13-15 | 16-18 | 19-21 | 22-24 || total
---------------------------+-------+-------+-------+-------+-------+-------+-------+-------++-------
  Melee: Unarmed           |    68 |    38 |     6 |       |       |       |       |       ||   112
         Punch             |     3 |       |       |     5 |       |       |       |       ||     8
         Dagger            |       |       |     5 |       |       |       |       |       ||     5
         Long sword        |       |       |       |    50 |    55 |       |       |       ||   105
         Trident           |       |       |       |       |     7 |    64 |    21 |     6 ||    98
   Cast: Foxfire           |    47 |    80 |   149 |   234 |   551 |    57 |    16 |       ||  1134
         Scorch            |    10 |    35 |    96 |   258 |   407 |    20 |     3 |       ||   829
         Flame Wave        |       |       |    11 |    47 |    98 |    27 |     2 |       ||   185
         Plasma Beam       |       |       |       |       |    60 |   552 |   438 |    59 ||  1109
         Mephitic Cloud    |       |       |       |       |     1 |     2 |       |       ||     3
         Fireball          |       |       |       |       |       |    10 |     7 |       ||    17
         Lee's Rapid Decon |       |       |       |       |       |     9 |    10 |       ||    19
         Freezing Cloud    |       |       |       |       |       |     8 |     3 |       ||    11
         Ignition          |       |       |       |       |       |    34 |    74 |    24 ||   132
         Bombard           |       |       |       |       |       |       |    48 |       ||    48
  Evoke: Wand              |       |       |       |     2 |     7 |     7 |     7 |       ||    23
         Lightning rod     |       |       |       |     6 |     2 |     8 |     8 |     3 ||    27
         Condenser vane    |       |       |       |       |       |     1 |       |       ||     1
    Use: Potion            |       |     1 |     1 |     3 |     7 |     5 |     5 |       ||    22
         Scroll            |       |       |     1 |    17 |    15 |     9 |     4 |       ||    46
   Stab: Distracted        |       |       |       |     1 |       |       |       |       ||     1
         Sleeping          |       |       |       |       |     2 |       |       |       ||     2
 Armour: Robe              |    37 |    39 |    25 |       |       |       |       |       ||   101
         Ring mail         |       |       |    26 |    70 |       |       |       |       ||    96
         Quicksilver drago |       |       |       |   188 |   610 |   234 |       |       ||  1032
         Scale mail        |       |       |       |       |       |   227 |   146 |    81 ||   454
  Dodge: Dodged            |    73 |    64 |    70 |   146 |   452 |   261 |    68 |    32 ||  1166
  Block: Buckler           |       |       |       |     8 |   134 |   211 |    57 |    23 ||   433
         Reflection        |       |       |       |       |       |     7 |     9 |       ||    16

Table legend: (Time is in decaauts)
 A = Elapsed time spent in this place.
 B = Non-inter-level travel time spent in this place.
 C = Inter-level travel time spent in this place.
 D = Time resting spent in this place.
 E = Time spent auto-exploring this place.
 F = Levels seen in this place.
 G = Mean time per level.
                   A        B        C        D        E       F      G
               +--------+--------+--------+--------+--------+-----+--------+
         Total |  73093 |  69923 |   3170 |  21929 |  36141 |  46 | 1589.0 |
       Dungeon |  22137 |  20848 |   1289 |   4472 |  12768 |  15 | 1475.8 |
        Temple |    215 |    215 |      0 |     77 |      0 |   1 |  215.0 |
          Lair |   8875 |   8412 |    463 |   1802 |   5271 |   5 | 1775.0 |
         Swamp |   7176 |   6929 |    247 |   2908 |   3028 |   4 | 1794.0 |
   Spider Nest |   6933 |   6756 |    177 |   2640 |   3068 |   4 | 1733.2 |
  Orcish Mines |   4571 |   4237 |    334 |   1860 |   1646 |   2 | 2285.5 |
   Elven Halls |   4516 |   4369 |    147 |   1473 |   2120 |   3 | 1505.3 |
        Vaults |   9468 |   9053 |    415 |   3855 |   4189 |   5 | 1893.6 |
         Crypt |   4731 |   4635 |     96 |   1908 |   1873 |   3 | 1577.0 |
         Trove |    174 |    174 |      0 |      0 |    109 |   1 |  174.0 |
         Sewer |   1827 |   1827 |      0 |    231 |    991 |   1 | 1827.0 |
        Bailey |    615 |    615 |      0 |    312 |    108 |   1 |  615.0 |
      Ice Cave |   1849 |   1849 |      0 |    390 |    969 |   1 | 1849.0 |
               +--------+--------+--------+--------+--------+-----+--------+

Top non-repeatable levels by time:
   Orc:2: 3218 daAuts
Vaults:3: 3110 daAuts
Spider:3: 3033 daAuts
Vaults:4: 2851 daAuts
 Swamp:3: 2639 daAuts
    D:11: 2559 daAuts
    D:14: 2314 daAuts
  Lair:2: 2301 daAuts
 Crypt:3: 2189 daAuts
 Swamp:1: 2122 daAuts
    D:13: 2063 daAuts
   Elf:1: 2061 daAuts
Spider:1: 2050 daAuts
  Lair:4: 2043 daAuts
   IceCv: 1849 daAuts
